Workbook

Sheet Instructions
A2: Input only the yellow cells on the "Item Analysis" tab for data that is true for your family.
A4: The Decision tab will tell you where you should shop.
A6: this assumes you have the space to always store bulk everything
A8: does not take into consideration brand preferences on most items
A10: Costco seems to have more regular sales. I didn’t put sales prices.
A12: Almost all of the Aldi items are off brand, while those same items are often name brand at discount stores (ie Bunny bread at Sams & Costco v off brand at Aldi)
A14: I don't know how to build in fuel. It's a moving target, and likely to majorly impact the decision. I'm sorry.
A16: If an item is not sold at Aldi, savings value will equal zero. This could be wrong for your household decision making (ie would you buy item at target, or go without?)

Sheet Price Master List
A1: Item | B1: Department | C1: Sam's Club | D1: quantity | E1: unit | F1: price/quantity | G1: Costco | H1: quantity | I1: unit | J1: price/quantity | K1: Aldi | L1: quantity | M1: unit | N1: price/quantity | O1: Price | P1: Per quantity | Q1: Where to buy
A2: activia yogurt | B2: Dairy | C2: 8.98 | D2: 24 | E2: =P2 -> count | F2: =ROUND(C2/D2,2) -> 0.37 | G2: 9.59 | H2: 24 | I2: =P2 -> count | J2: =ROUND(G2/H2,2) -> 0.4 | K2: x | M2: =P2 -> count | N2: =ROUND(K2/L2,2) -> #VALUE! | O2: =MIN(IFERROR(F2,N2),IFERROR(J2,F2),IFERROR(N2,J2)) -> 0.37 | P2: count | Q2: =IF(O2=IFERROR(N2,9999),$K$1,IF(O2=IFERROR(J2,9999),$G$1,$C$1)) -> Sam's Club
A3: advil | B3: medicine | C3: 19.48 | D3: 216 | E3: =P3 -> count | F3: =ROUND(C3/D3,2) -> 0.09 | G3: 17.39 | H3: 360 | I3: =P3 -> count | J3: =ROUND(G3/H3,2) -> 0.05 | K3: x | M3: =P3 -> count | N3: =ROUND(K3/L3,2) -> #VALUE! | O3: =MIN(IFERROR(F3,N3),IFERROR(J3,F3),IFERROR(N3,J3)) -> 0.05 | P3: count | Q3: =IF(O3=IFERROR(N3,9999),$K$1,IF(O3=IFERROR(J3,9999),$G$1,$C$1)) -> Costco
A4: alfredo sauce | B4: pantry | C4: 6.12 | D4: =15*3 -> 45 | E4: =P4 -> ounces | F4: =ROUND(C4/D4,2) -> 0.14 | G4: 10.99 | H4: 49 | I4: =P4 -> ounces | J4: =ROUND(G4/H4,2) -> 0.22 | K4: 1.89 | L4: 14 | M4: =P4 -> ounces | N4: =ROUND(K4/L4,2) -> 0.14 | O4: =MIN(IFERROR(F4,N4),IFERROR(J4,F4),IFERROR(N4,J4)) -> 0.14 | P4: ounces | Q4: =IF(O4=IFERROR(N4,9999),$K$1,IF(O4=IFERROR(J4,9999),$G$1,$C$1)) -> Aldi
A5: all free & clear | B5: cleaning | C5: 14.67 | D5: 249 | E5: =P5 -> ounces | F5: =ROUND(C5/D5,2) -> 0.06 | G5: 14.99 | H5: 237 | I5: =P5 -> ounces | J5: =ROUND(G5/H5,2) -> 0.06 | K5: x | M5: =P5 -> ounces | N5: =ROUND(K5/L5,2) -> #VALUE! | O5: =MIN(IFERROR(F5,N5),IFERROR(J5,F5),IFERROR(N5,J5)) -> 0.06 | P5: ounces | Q5: =IF(O5=IFERROR(N5,9999),$K$1,IF(O5=IFERROR(J5,9999),$G$1,$C$1)) -> Costco
A6: apple juice | B6: drinks | E6: =P6 -> ounces | F6: =ROUND(C6/D6,2) -> #DIV/0! | G6: 8.49 | H6: =2*128 -> 256 | I6: =P6 -> ounces | J6: =ROUND(G6/H6,2) -> 0.03 | K6: 1.42 | L6: 64 | M6: =P6 -> ounces | N6: =ROUND(K6/L6,2) -> 0.02 | O6: =MIN(IFERROR(F6,N6),IFERROR(J6,F6),IFERROR(N6,J6)) -> 0.02 | P6: ounces | Q6: =IF(O6=IFERROR(N6,9999),$K$1,IF(O6=IFERROR(J6,9999),$G$1,$C$1)) -> Aldi
A7: applesauce pouches | B7: pantry | C7: 12.98 | D7: 32 | E7: =P7 -> count | F7: =ROUND(C7/D7,2) -> 0.41 | G7: 18.99 | H7: 48 | I7: =P7 -> count | J7: =ROUND(G7/H7,2) -> 0.4 | K7: 4.39 | L7: 12 | M7: =P7 -> count | N7: =ROUND(K7/L7,2) -> 0.37 | O7: =MIN(IFERROR(F7,N7),IFERROR(J7,F7),IFERROR(N7,J7)) -> 0.37 | P7: count | Q7: =IF(O7=IFERROR(N7,9999),$K$1,IF(O7=IFERROR(J7,9999),$G$1,$C$1)) -> Aldi
A8: baby bella mushrooms | B8: Produce | C8: 4.43 | D8: 24 | E8: =P8 -> ounces | F8: =ROUND(C8/D8,2) -> 0.18 | G8: 5.99 | H8: 24 | I8: =P8 -> ounces | J8: =ROUND(G8/H8,2) -> 0.25 | K8: 1.99 | L8: 8 | M8: =P8 -> ounces | N8: =ROUND(K8/L8,2) -> 0.25 | O8: =MIN(IFERROR(F8,N8),IFERROR(J8,F8),IFERROR(N8,J8)) -> 0.18 | P8: ounces | Q8: =IF(O8=IFERROR(N8,9999),$K$1,IF(O8=IFERROR(J8,9999),$G$1,$C$1)) -> Sam's Club
A9: Bacon | B9: Meat | C9: 15.66 | D9: 3 | E9: =P9 -> pound | F9: =ROUND(C9/D9,2) -> 5.22 | G9: 18.99 | H9: 4 | I9: =P9 -> pound | J9: =ROUND(G9/H9,2) -> 4.75 | K9: 4.19 | L9: 1 | M9: =P9 -> pound | N9: =ROUND(K9/L9,2) -> 4.19 | O9: =MIN(IFERROR(F9,N9),IFERROR(J9,F9),IFERROR(N9,J9)) -> 4.19 | P9: pound | Q9: =IF(O9=IFERROR(N9,9999),$K$1,IF(O9=IFERROR(J9,9999),$G$1,$C$1)) -> Aldi
A10: bagels | B10: bread | C10: 2.98 | D10: 6 | E10: =P10 -> count | F10: =ROUND(C10/D10,2) -> 0.5 | G10: 7.99 | H10: 12 | I10: =P10 -> count | J10: =ROUND(G10/H10,2) -> 0.67 | K10: 1.49 | L10: 6 | M10: =P10 -> count | N10: =ROUND(K10/L10,2) -> 0.25 | O10: =MIN(IFERROR(F10,N10),IFERROR(J10,F10),IFERROR(N10,J10)) -> 0.25 | P10: count | Q10: =IF(O10=IFERROR(N10,9999),$K$1,IF(O10=IFERROR(J10,9999),$G$1,$C$1)) -> Aldi
A11: baking potatoes | B11: Produce | C11: 8.28 | D11: 15 | E11: =P11 -> pound | F11: =ROUND(C11/D11,2) -> 0.55 | G11: 7.99 | H11: 15 | I11: =P11 -> pound | J11: =ROUND(G11/H11,2) -> 0.53 | K11: 4.39 | L11: 10 | M11: =P11 -> pound | N11: =ROUND(K11/L11,2) -> 0.44 | O11: =MIN(IFERROR(F11,N11),IFERROR(J11,F11),IFERROR(N11,J11)) -> 0.44 | P11: pound | Q11: =IF(O11=IFERROR(N11,9999),$K$1,IF(O11=IFERROR(J11,9999),$G$1,$C$1)) -> Aldi
A12: baking soda | B12: Pantry | C12: 7.74 | D12: 15 | E12: =P12 -> pound | F12: =ROUND(C12/D12,2) -> 0.52 | G12: 6.89 | H12: 13.5 | I12: =P12 -> pound | J12: =ROUND(G12/H12,2) -> 0.51 | K12: 0.59 | L12: 1 | M12: =P12 -> pound | N12: =ROUND(K12/L12,2) -> 0.59 | O12: =MIN(IFERROR(F12,N12),IFERROR(J12,F12),IFERROR(N12,J12)) -> 0.51 | P12: pound | Q12: =IF(O12=IFERROR(N12,9999),$K$1,IF(O12=IFERROR(J12,9999),$G$1,$C$1)) -> Costco
A13: Bananas | B13: Produce | C13: 1.58 | D13: 3 | E13: =P13 -> pound | F13: =ROUND(C13/D13,2) -> 0.53 | G13: 2.28 | H13: 3 | I13: =P13 -> pound | J13: =ROUND(G13/H13,2) -> 0.76 | K13: 0.47 | L13: 1 | M13: =P13 -> pound | N13: =ROUND(K13/L13,2) -> 0.47 | O13: =MIN(IFERROR(F13,N13),IFERROR(J13,F13),IFERROR(N13,J13)) -> 0.47 | P13: pound | Q13: =IF(O13=IFERROR(N13,9999),$K$1,IF(O13=IFERROR(J13,9999),$G$1,$C$1)) -> Aldi
A14: beef for stew | B14: Meat | C14: 5.48 | D14: 1 | E14: =P14 -> pound | F14: =ROUND(C14/D14,2) -> 5.48 | G14: 5.49 | H14: 1 | I14: =P14 -> pound | J14: =ROUND(G14/H14,2) -> 5.49 | K14: x | M14: =P14 -> pound | N14: =ROUND(K14/L14,2) -> #VALUE! | O14: =MIN(IFERROR(F14,N14),IFERROR(J14,F14),IFERROR(N14,J14)) -> 5.48 | P14: pound | Q14: =IF(O14=IFERROR(N14,9999),$K$1,IF(O14=IFERROR(J14,9999),$G$1,$C$1)) -> Sam's Club
A15: Black beans | B15: Cans | C15: 4.88 | D15: 6 | E15: =P15 -> cans | F15: =ROUND(C15/D15,2) -> 0.81 | I15: =P15 -> cans | J15: =ROUND(G15/H15,2) -> #DIV/0! | K15: 0.58 | L15: 1 | M15: =P15 -> cans | N15: =ROUND(K15/L15,2) -> 0.58 | O15: =MIN(IFERROR(F15,N15),IFERROR(J15,F15),IFERROR(N15,J15)) -> 0.58 | P15: cans | Q15: =IF(O15=IFERROR(N15,9999),$K$1,IF(O15=IFERROR(J15,9999),$G$1,$C$1)) -> Aldi
A16: Block cheddar | B16: Dairy | C16: 5.73 | D16: 2 | E16: =P16 -> pounds | F16: =ROUND(C16/D16,2) -> 2.87 | G16: 4.99 | H16: 2 | I16: =P16 -> pounds | J16: =ROUND(G16/H16,2) -> 2.5 | K16: 1.75 | L16: 0.5 | M16: =P16 -> pounds | N16: =ROUND(K16/L16,2) -> 3.5 | O16: =MIN(IFERROR(F16,N16),IFERROR(J16,F16),IFERROR(N16,J16)) -> 2.5 | P16: pounds | Q16: =IF(O16=IFERROR(N16,9999),$K$1,IF(O16=IFERROR(J16,9999),$G$1,$C$1)) -> Costco
A17: block colby jack | B17: Dairy | C17: 5.47 | D17: 2 | E17: =P17 -> pounds | F17: =ROUND(C17/D17,2) -> 2.74 | G17: 5.39 | H17: 2 | I17: =P17 -> pounds | J17: =ROUND(G17/H17,2) -> 2.7 | K17: 1.75 | L17: 0.5 | M17: =P17 -> pounds | N17: =ROUND(K17/L17,2) -> 3.5 | O17: =MIN(IFERROR(F17,N17),IFERROR(J17,F17),IFERROR(N17,J17)) -> 2.7 | P17: pounds | Q17: =IF(O17=IFERROR(N17,9999),$K$1,IF(O17=IFERROR(J17,9999),$G$1,$C$1)) -> Costco
A18: block parmesean | B18: Dairy | C18: 5.98 | D18: 16 | E18: =P18 -> ounces | F18: =ROUND(C18/D18,2) -> 0.37 | G18: 12.49 | H18: 16 | I18: =P18 -> ounces | J18: =ROUND(G18/H18,2) -> 0.78 | K18: 3.29 | L18: 0.5 | M18: =P18 -> ounces | N18: =ROUND(K18/L18,2) -> 6.58 | O18: =MIN(IFERROR(F18,N18),IFERROR(J18,F18),IFERROR(N18,J18)) -> 0.37 | P18: ounces | Q18: =IF(O18=IFERROR(N18,9999),$K$1,IF(O18=IFERROR(J18,9999),$G$1,$C$1)) -> Sam's Club
A19: boneless pork shoulder | B19: Meat | C19: 1.96 | D19: 1 | E19: =P19 -> pound | F19: =ROUND(C19/D19,2) -> 1.96 | G19: 1.99 | H19: 1 | I19: =P19 -> pound | J19: =ROUND(G19/H19,2) -> 1.99 | K19: x | M19: =P19 -> pound | N19: =ROUND(K19/L19,2) -> #VALUE! | O19: =MIN(IFERROR(F19,N19),IFERROR(J19,F19),IFERROR(N19,J19)) -> 1.96 | P19: pound | Q19: =IF(O19=IFERROR(N19,9999),$K$1,IF(O19=IFERROR(J19,9999),$G$1,$C$1)) -> Sam's Club
A20: Bread loaf | B20: bread | C20: 3.64 | D20: 48 | E20: =P20 -> ounces | F20: =ROUND(C20/D20,2) -> 0.08 | G20: 2.99 | H20: 20 | I20: =P20 -> ounces | J20: =ROUND(G20/H20,2) -> 0.15 | K20: 1.19 | L20: 20 | M20: =P20 -> ounces | N20: =ROUND(K20/L20,2) -> 0.06 | O20: =MIN(IFERROR(F20,N20),IFERROR(J20,F20),IFERROR(N20,J20)) -> 0.06 | P20: ounces | Q20: =IF(O20=IFERROR(N20,9999),$K$1,IF(O20=IFERROR(J20,9999),$G$1,$C$1)) -> Aldi
A21: Breakfast sausage patty | B21: meat | C21: 10.94 | D21: 4 | E21: =P21 -> pound | F21: =ROUND(C21/D21,2) -> 2.74 | I21: =P21 -> pound | J21: =ROUND(G21/H21,2) -> #DIV/0! | K21: 6.89 | L21: 2 | M21: =P21 -> pound | N21: =ROUND(K21/L21,2) -> 3.45 | O21: =MIN(IFERROR(F21,N21),IFERROR(J21,F21),IFERROR(N21,J21)) -> 2.74 | P21: pound | Q21: =IF(O21=IFERROR(N21,9999),$K$1,IF(O21=IFERROR(J21,9999),$G$1,$C$1)) -> Sam's Club
A22: broccoli | B22: Produce | C22: 3.98 | D22: 2 | E22: =P22 -> pound | F22: =ROUND(C22/D22,2) -> 1.99 | G22: 6.99 | H22: 3 | I22: =P22 -> pound | J22: =ROUND(G22/H22,2) -> 2.33 | K22: 1.05 | L22: 1 | M22: =P22 -> pound | N22: =ROUND(K22/L22,2) -> 1.05 | O22: =MIN(IFERROR(F22,N22),IFERROR(J22,F22),IFERROR(N22,J22)) -> 1.05 | P22: pound | Q22: =IF(O22=IFERROR(N22,9999),$K$1,IF(O22=IFERROR(J22,9999),$G$1,$C$1)) -> Aldi
A23: Brown sugar | B23: Pantry | C23: 5.38 | D23: 7 | E23: =P23 -> pound | F23: =ROUND(C23/D23,2) -> 0.77 | G23: 4.59 | H23: 7 | I23: =P23 -> pound | J23: =ROUND(G23/H23,2) -> 0.66 | K23: 1.39 | L23: 2 | M23: =P23 -> pound | N23: =ROUND(K23/L23,2) -> 0.7 | O23: =MIN(IFERROR(F23,N23),IFERROR(J23,F23),IFERROR(N23,J23)) -> 0.66 | P23: pound | Q23: =IF(O23=IFERROR(N23,9999),$K$1,IF(O23=IFERROR(J23,9999),$G$1,$C$1)) -> Costco
A24: brussels sprouts | B24: Produce | C24: x | D24: x | E24: =P24 -> pound | F24: =ROUND(C24/D24,2) -> #VALUE! | G24: 6.49 | H24: 2 | I24: =P24 -> pound | J24: =ROUND(G24/H24,2) -> 3.25 | K24: 2.45 | L24: 1 | M24: =P24 -> pound | N24: =ROUND(K24/L24,2) -> 2.45 | O24: =MIN(IFERROR(F24,N24),IFERROR(J24,F24),IFERROR(N24,J24)) -> 2.45 | P24: pound | Q24: =IF(O24=IFERROR(N24,9999),$K$1,IF(O24=IFERROR(J24,9999),$G$1,$C$1)) -> Aldi
A25: caesar salad kit | B25: Produce | C25: 3.72 | D25: 16.9 | E25: =P25 -> ounces | F25: =ROUND(C25/D25,2) -> 0.22 | G25: 8.99 | H25: 24 | I25: =P25 -> ounces | J25: =ROUND(G25/H25,2) -> 0.37 | K25: 2.59 | L25: 10.5 | M25: =P25 -> ounces | N25: =ROUND(K25/L25,2) -> 0.25 | O25: =MIN(IFERROR(F25,N25),IFERROR(J25,F25),IFERROR(N25,J25)) -> 0.22 | P25: ounces | Q25: =IF(O25=IFERROR(N25,9999),$K$1,IF(O25=IFERROR(J25,9999),$G$1,$C$1)) -> Sam's Club
A26: canned green beans | B26: cans | C26: 6.48 | D26: 8 | E26: =P26 -> cans | F26: =ROUND(C26/D26,2) -> 0.81 | G26: 9.49 | H26: 12 | I26: =P26 -> cans | J26: =ROUND(G26/H26,2) -> 0.79 | K26: 0.47 | L26: 1 | M26: =P26 -> cans | N26: =ROUND(K26/L26,2) -> 0.47 | O26: =MIN(IFERROR(F26,N26),IFERROR(J26,F26),IFERROR(N26,J26)) -> 0.47 | P26: cans | Q26: =IF(O26=IFERROR(N26,9999),$K$1,IF(O26=IFERROR(J26,9999),$G$1,$C$1)) -> Aldi
A27: carrots | B27: Produce | C27: 3.98 | D27: 5 | E27: =P27 -> pound | F27: =ROUND(C27/D27,2) -> 0.8 | G27: 5.29 | H27: 4 | I27: =P27 -> pound | J27: =ROUND(G27/H27,2) -> 1.32 | K27: 1.79 | L27: 2 | M27: =P27 -> pound | N27: =ROUND(K27/L27,2) -> 0.9 | O27: =MIN(IFERROR(F27,N27),IFERROR(J27,F27),IFERROR(N27,J27)) -> 0.8 | P27: pound | Q27: =IF(O27=IFERROR(N27,9999),$K$1,IF(O27=IFERROR(J27,9999),$G$1,$C$1)) -> Sam's Club
A28: cashews | B28: nuts | C28: 11.98 | D28: 33 | E28: =P28 -> ounces | F28: =ROUND(C28/D28,2) -> 0.36 | G28: 14.49 | H28: 40 | I28: =P28 -> ounces | J28: =ROUND(G28/H28,2) -> 0.36 | K28: 4.49 | L28: 12 | M28: =P28 -> ounces | N28: =ROUND(K28/L28,2) -> 0.37 | O28: =MIN(IFERROR(F28,N28),IFERROR(J28,F28),IFERROR(N28,J28)) -> 0.36 | P28: ounces | Q28: =IF(O28=IFERROR(N28,9999),$K$1,IF(O28=IFERROR(J28,9999),$G$1,$C$1)) -> Costco
A29: cat food | B29: pet | C29: 19.82 | D29: 32 | E29: =P29 -> pounds | F29: =ROUND(C29/D29,2) -> 0.62 | G29: 19.99 | H29: 25 | I29: =P29 -> pounds | J29: =ROUND(G29/H29,2) -> 0.8 | K29: 8.39 | L29: 16 | M29: =P29 -> pounds | N29: =ROUND(K29/L29,2) -> 0.52 | O29: =MIN(IFERROR(F29,N29),IFERROR(J29,F29),IFERROR(N29,J29)) -> 0.52 | P29: pounds | Q29: =IF(O29=IFERROR(N29,9999),$K$1,IF(O29=IFERROR(J29,9999),$G$1,$C$1)) -> Aldi
A30: cheezits | B30: pantry | C30: 8.28 | D30: =16*3 -> 48 | E30: =P30 -> ounces | F30: =ROUND(C30/D30,2) -> 0.17 | G30: 7.99 | H30: 48 | I30: =P30 -> ounces | J30: =ROUND(G30/H30,2) -> 0.17 | K30: 1.95 | L30: 7 | M30: =P30 -> ounces | N30: =ROUND(K30/L30,2) -> 0.28 | O30: =MIN(IFERROR(F30,N30),IFERROR(J30,F30),IFERROR(N30,J30)) -> 0.17 | P30: ounces | Q30: =IF(O30=IFERROR(N30,9999),$K$1,IF(O30=IFERROR(J30,9999),$G$1,$C$1)) -> Costco
A31: Chicken breast | B31: Meat | C31: 1.99 | D31: 1 | E31: =P31 -> pound | F31: =ROUND(C31/D31,2) -> 1.99 | G31: 2.99 | H31: 1 | I31: =P31 -> pound | J31: =ROUND(G31/H31,2) -> 2.99 | K31: 1.99 | L31: 1 | M31: =P31 -> pound | N31: =ROUND(K31/L31,2) -> 1.99 | O31: =MIN(IFERROR(F31,N31),IFERROR(J31,F31),IFERROR(N31,J31)) -> 1.99 | P31: pound | Q31: =IF(O31=IFERROR(N31,9999),$K$1,IF(O31=IFERROR(J31,9999),$G$1,$C$1)) -> Aldi
A32: Chicken broth | B32: cans | C32: 5.53 | D32: =32*6 -> 192 | E32: =P32 -> ounces | F32: =ROUND(C32/D32,2) -> 0.03 | G32: 6.99 | H32: =12*14.5 -> 174 | I32: =P32 -> ounces | J32: =ROUND(G32/H32,2) -> 0.04 | K32: 1.35 | L32: 32 | M32: =P32 -> ounces | N32: =ROUND(K32/L32,2) -> 0.04 | O32: =MIN(IFERROR(F32,N32),IFERROR(J32,F32),IFERROR(N32,J32)) -> 0.03 | P32: ounces | Q32: =IF(O32=IFERROR(N32,9999),$K$1,IF(O32=IFERROR(J32,9999),$G$1,$C$1)) -> Sam's Club
A33: chicken nuggets | B33: Frozen | C33: 12.98 | D33: 4 | E33: =P33 -> pounds | F33: =ROUND(C33/D33,2) -> 3.25 | G33: 12.79 | H33: 5 | I33: =P33 -> pounds | J33: =ROUND(G33/H33,2) -> 2.56 | K33: x | M33: =P33 -> pounds | N33: =ROUND(K33/L33,2) -> #VALUE! | O33: =MIN(IFERROR(F33,N33),IFERROR(J33,F33),IFERROR(N33,J33)) -> 2.56 | P33: pounds | Q33: =IF(O33=IFERROR(N33,9999),$K$1,IF(O33=IFERROR(J33,9999),$G$1,$C$1)) -> Costco
A34: chili powder | B34: pantry | C34: 7.98 | D34: 20 | E34: =P34 -> ounces | F34: =ROUND(C34/D34,2) -> 0.4 | I34: =P34 -> ounces | J34: =ROUND(G34/H34,2) -> #DIV/0! | K34: 0.95 | L34: 2.5 | M34: =P34 -> ounces | N34: =ROUND(K34/L34,2) -> 0.38 | O34: =MIN(IFERROR(F34,N34),IFERROR(J34,F34),IFERROR(N34,J34)) -> 0.38 | P34: ounces | Q34: =IF(O34=IFERROR(N34,9999),$K$1,IF(O34=IFERROR(J34,9999),$G$1,$C$1)) -> Aldi
A35: chuck roast | B35: meat | C35: 4.98 | D35: 1 | E35: =P35 -> pound | F35: =ROUND(C35/D35,2) -> 4.98 | G35: 5.49 | H35: 1 | I35: =P35 -> pound | J35: =ROUND(G35/H35,2) -> 5.49 | K35: 4.99 | L35: 1 | M35: =P35 -> pound | N35: =ROUND(K35/L35,2) -> 4.99 | O35: =MIN(IFERROR(F35,N35),IFERROR(J35,F35),IFERROR(N35,J35)) -> 4.98 | P35: pound | Q35: =IF(O35=IFERROR(N35,9999),$K$1,IF(O35=IFERROR(J35,9999),$G$1,$C$1)) -> Sam's Club
A36: Clif Bars | B36: pantry | C36: 18.16 | D36: 24 | E36: =P36 -> count | F36: =ROUND(C36/D36,2) -> 0.76 | G36: 19.59 | H36: 26 | I36: =P36 -> count | J36: =ROUND(G36/H36,2) -> 0.75 | K36: x | M36: =P36 -> count | N36: =ROUND(K36/L36,2) -> #VALUE! | O36: =MIN(IFERROR(F36,N36),IFERROR(J36,F36),IFERROR(N36,J36)) -> 0.75 | P36: count | Q36: =IF(O36=IFERROR(N36,9999),$K$1,IF(O36=IFERROR(J36,9999),$G$1,$C$1)) -> Costco
A37: Coke cans | B37: drinks | C37: 13.82 | D37: 35 | E37: =P37 -> count | F37: =ROUND(C37/D37,2) -> 0.39 | G37: 13.69 | H37: 35 | I37: =P37 -> count | J37: =ROUND(G37/H37,2) -> 0.39 | K37: 5.67 | L37: 12 | M37: =P37 -> count | N37: =ROUND(K37/L37,2) -> 0.47 | O37: =MIN(IFERROR(F37,N37),IFERROR(J37,F37),IFERROR(N37,J37)) -> 0.39 | P37: count | Q37: =IF(O37=IFERROR(N37,9999),$K$1,IF(O37=IFERROR(J37,9999),$G$1,$C$1)) -> Costco
A38: colored bell peppers | B38: Produce | C38: 6.38 | D38: 6 | E38: =P38 -> count | F38: =ROUND(C38/D38,2) -> 1.06 | G38: 6.29 | H38: 6 | I38: =P38 -> count | J38: =ROUND(G38/H38,2) -> 1.05 | K38: 3.09 | L38: 3 | M38: =P38 -> count | N38: =ROUND(K38/L38,2) -> 1.03 | O38: =MIN(IFERROR(F38,N38),IFERROR(J38,F38),IFERROR(N38,J38)) -> 1.03 | P38: count | Q38: =IF(O38=IFERROR(N38,9999),$K$1,IF(O38=IFERROR(J38,9999),$G$1,$C$1)) -> Aldi
A39: Contact solution | B39: medicine | C39: 9.98 | D39: 48 | E39: =P39 -> ounces | F39: =ROUND(C39/D39,2) -> 0.21 | G39: 9.99 | H39: 48 | I39: =P39 -> ounces | J39: =ROUND(G39/H39,2) -> 0.21 | K39: x | M39: =P39 -> ounces | N39: =ROUND(K39/L39,2) -> #VALUE! | O39: =MIN(IFERROR(F39,N39),IFERROR(J39,F39),IFERROR(N39,J39)) -> 0.21 | P39: ounces | Q39: =IF(O39=IFERROR(N39,9999),$K$1,IF(O39=IFERROR(J39,9999),$G$1,$C$1)) -> Costco
A40: cooking spray | B40: Pantry | C40: 7.62 | D40: 24 | E40: =P40 -> ounces | F40: =ROUND(C40/D40,2) -> 0.32 | G40: 6.99 | H40: 24 | I40: =P40 -> ounces | J40: =ROUND(G40/H40,2) -> 0.29 | K40: 1.65 | L40: 8 | M40: =P40 -> ounces | N40: =ROUND(K40/L40,2) -> 0.21 | O40: =MIN(IFERROR(F40,N40),IFERROR(J40,F40),IFERROR(N40,J40)) -> 0.21 | P40: ounces | Q40: =IF(O40=IFERROR(N40,9999),$K$1,IF(O40=IFERROR(J40,9999),$G$1,$C$1)) -> Aldi
A41: diaper size 3 | B41: paper products | C41: 34.98 | D41: 234 | E41: =P41 -> diapers | F41: =ROUND(C41/D41,2) -> 0.15 | G41: 42.99 | H41: 222 | I41: =P41 -> diapers | J41: =ROUND(G41/H41,2) -> 0.19 | K41: 3.99 | L41: 34 | M41: =P41 -> diapers | N41: =ROUND(K41/L41,2) -> 0.12 | O41: =MIN(IFERROR(F41,N41),IFERROR(J41,F41),IFERROR(N41,J41)) -> 0.12 | P41: diapers | Q41: =IF(O41=IFERROR(N41,9999),$K$1,IF(O41=IFERROR(J41,9999),$G$1,$C$1)) -> Aldi
A42: Diaper wipes | B42: paper products | C42: 17.96 | D42: 1152 | E42: =P42 -> wipes | F42: =ROUND(C42/D42,3) -> 0.016 | G42: 19.99 | H42: 900 | I42: =P42 -> wipes | J42: =ROUND(G42/H42,3) -> 0.022 | K42: 3.79 | L42: 216 | M42: =P42 -> wipes | N42: =ROUND(K42/L42,3) -> 0.018 | O42: =MIN(IFERROR(F42,N42),IFERROR(J42,F42),IFERROR(N42,J42)) -> 0.016 | P42: wipes | Q42: =IF(O42=IFERROR(N42,9999),$K$1,IF(O42=IFERROR(J42,9999),$G$1,$C$1)) -> Sam's Club
A43: Diced tomatoes | B43: Cans | C43: 4.98 | D43: =14.5*8 -> 116 | E43: =P43 -> ounces | F43: =ROUND(C43/D43,2) -> 0.04 | G43: 6.59 | H43: =8*14.5 -> 116 | I43: =P43 -> ounces | J43: =ROUND(G43/H43,2) -> 0.06 | K43: 0.64 | L43: 14.5 | M43: =P43 -> ounces | N43: =ROUND(K43/L43,2) -> 0.04 | O43: =MIN(IFERROR(F43,N43),IFERROR(J43,F43),IFERROR(N43,J43)) -> 0.04 | P43: ounces | Q43: =IF(O43=IFERROR(N43,9999),$K$1,IF(O43=IFERROR(J43,9999),$G$1,$C$1)) -> Aldi
A44: dishwasher gel | B44: cleaning | C44: 9.98 | D44: 125 | E44: =P44 -> ounces | F44: =ROUND(C44/D44,2) -> 0.08 | G44: 9.49 | H44: 125 | I44: =P44 -> ounces | J44: =ROUND(G44/H44,2) -> 0.08 | K44: 3.35 | L44: 70 | M44: =P44 -> ounces | N44: =ROUND(K44/L44,2) -> 0.05 | O44: =MIN(IFERROR(F44,N44),IFERROR(J44,F44),IFERROR(N44,J44)) -> 0.05 | P44: ounces | Q44: =IF(O44=IFERROR(N44,9999),$K$1,IF(O44=IFERROR(J44,9999),$G$1,$C$1)) -> Aldi
A45: dishwasher pods | B45: cleaning | C45: 18.85 | D45: 92 | E45: =P45 -> count | F45: =ROUND(C45/D45,2) -> 0.2 | G45: 9.89 | H45: 115 | I45: =P45 -> count | J45: =ROUND(G45/H45,2) -> 0.09 | K45: x | M45: =P45 -> count | N45: =ROUND(K45/L45,2) -> #VALUE! | O45: =MIN(IFERROR(F45,N45),IFERROR(J45,F45),IFERROR(N45,J45)) -> 0.09 | P45: count | Q45: =IF(O45=IFERROR(N45,9999),$K$1,IF(O45=IFERROR(J45,9999),$G$1,$C$1)) -> Costco
A46: dog biscuits | B46: pet | C46: 14.48 | D46: 15 | E46: =P46 -> pounds | F46: =ROUND(C46/D46,2) -> 0.97 | G46: 12.99 | H46: 15 | I46: =P46 -> pounds | J46: =ROUND(G46/H46,2) -> 0.87 | K46: x | M46: =P46 -> pounds | N46: =ROUND(K46/L46,2) -> #VALUE! | O46: =MIN(IFERROR(F46,N46),IFERROR(J46,F46),IFERROR(N46,J46)) -> 0.87 | P46: pounds | Q46: =IF(O46=IFERROR(N46,9999),$K$1,IF(O46=IFERROR(J46,9999),$G$1,$C$1)) -> Costco
A47: dog food | B47: pet | C47: 22.98 | D47: 55 | E47: =P47 -> pounds | F47: =ROUND(C47/D47,2) -> 0.42 | G47: 29.99 | H47: 40 | I47: =P47 -> pounds | J47: =ROUND(G47/H47,2) -> 0.75 | K47: 9.19 | L47: 18.5 | M47: =P47 -> pounds | N47: =ROUND(K47/L47,2) -> 0.5 | O47: =MIN(IFERROR(F47,N47),IFERROR(J47,F47),IFERROR(N47,J47)) -> 0.42 | P47: pounds | Q47: =IF(O47=IFERROR(N47,9999),$K$1,IF(O47=IFERROR(J47,9999),$G$1,$C$1)) -> Sam's Club
A48: eggs (large package) | B48: Dairy | C48: 12.87 | D48: 7.5 | E48: =P48 -> dozen | F48: =ROUND(C48/D48,2) -> 1.72 | G48: 8.49 | H48: 5 | I48: =P48 -> dozen | J48: =ROUND(G48/H48,2) -> 1.7 | K48: x | M48: =P48 -> dozen | N48: =ROUND(K48/L48,2) -> #VALUE! | O48: =MIN(IFERROR(F48,N48),IFERROR(J48,F48),IFERROR(N48,J48)) -> 1.7 | P48: dozen | Q48: =IF(O48=IFERROR(N48,9999),$K$1,IF(O48=IFERROR(J48,9999),$G$1,$C$1)) -> Costco
A49: eggs (small package) | B49: Dairy | C49: 5.22 | D49: 3 | E49: =P49 -> dozen | F49: =ROUND(C49/D49,2) -> 1.74 | G49: 3.49 | H49: 2 | I49: =P49 -> dozen | J49: =ROUND(G49/H49,2) -> 1.75 | K49: 1.55 | L49: 1 | M49: =P49 -> dozen | N49: =ROUND(K49/L49,2) -> 1.55 | O49: =MIN(IFERROR(F49,N49),IFERROR(J49,F49),IFERROR(N49,J49)) -> 1.55 | P49: dozen | Q49: =IF(O49=IFERROR(N49,9999),$K$1,IF(O49=IFERROR(J49,9999),$G$1,$C$1)) -> Aldi
A50: fabric softener sheets | B50: cleaning | C50: 7.66 | D50: 480 | E50: =P50 -> count | F50: =ROUND(C50/D50,2) -> 0.02 | G50: 7.99 | H50: 500 | I50: =P50 -> count | J50: =ROUND(G50/H50,2) -> 0.02 | K50: x | M50: =P50 -> count | N50: =ROUND(K50/L50,2) -> #VALUE! | O50: =MIN(IFERROR(F50,N50),IFERROR(J50,F50),IFERROR(N50,J50)) -> 0.02 | P50: count | Q50: =IF(O50=IFERROR(N50,9999),$K$1,IF(O50=IFERROR(J50,9999),$G$1,$C$1)) -> Costco
A51: flour | B51: pantry | C51: 7.83 | D51: 25 | E51: =P51 -> pounds | F51: =ROUND(C51/D51,2) -> 0.31 | G51: 8.99 | H51: 25 | I51: =P51 -> pounds | J51: =ROUND(G51/H51,2) -> 0.36 | K51: 1.49 | L51: 5 | M51: =P51 -> pounds | N51: =ROUND(K51/L51,2) -> 0.3 | O51: =MIN(IFERROR(F51,N51),IFERROR(J51,F51),IFERROR(N51,J51)) -> 0.3 | P51: pounds | Q51: =IF(O51=IFERROR(N51,9999),$K$1,IF(O51=IFERROR(J51,9999),$G$1,$C$1)) -> Aldi
A52: Frozen broccoli | B52: Frozen | C52: 6.72 | D52: 4 | E52: =P52 -> pounds | F52: =ROUND(C52/D52,2) -> 1.68 | G52: 7.99 | H52: 4 | I52: =P52 -> pounds | J52: =ROUND(G52/H52,2) -> 2 | K52: 0.89 | L52: =12/16 -> 0.75 | M52: =P52 -> pounds | N52: =ROUND(K52/L52,2) -> 1.19 | O52: =MIN(IFERROR(F52,N52),IFERROR(J52,F52),IFERROR(N52,J52)) -> 1.19 | P52: pounds | Q52: =IF(O52=IFERROR(N52,9999),$K$1,IF(O52=IFERROR(J52,9999),$G$1,$C$1)) -> Aldi
A53: frozen chicken breast | B53: Frozen | C53: 18.98 | D53: 10 | E53: =P53 -> pounds | F53: =ROUND(C53/D53,2) -> 1.9 | G53: 18.99 | H53: 6.5 | I53: =P53 -> pounds | J53: =ROUND(G53/H53,2) -> 2.92 | K53: 6.45 | L53: 3 | M53: =P53 -> pounds | N53: =ROUND(K53/L53,2) -> 2.15 | O53: =MIN(IFERROR(F53,N53),IFERROR(J53,F53),IFERROR(N53,J53)) -> 1.9 | P53: pounds | Q53: =IF(O53=IFERROR(N53,9999),$K$1,IF(O53=IFERROR(J53,9999),$G$1,$C$1)) -> Sam's Club
A54: frozen green beans | B54: Frozen | C54: 7.48 | D54: 5 | E54: =P54 -> pounds | F54: =ROUND(C54/D54,2) -> 1.5 | G54: 7.49 | H54: 5 | I54: =P54 -> pounds | J54: =ROUND(G54/H54,2) -> 1.5 | K54: 0.78 | L54: 0.75 | M54: =P54 -> pounds | N54: =ROUND(K54/L54,2) -> 1.04 | O54: =MIN(IFERROR(F54,N54),IFERROR(J54,F54),IFERROR(N54,J54)) -> 1.04 | P54: pounds | Q54: =IF(O54=IFERROR(N54,9999),$K$1,IF(O54=IFERROR(J54,9999),$G$1,$C$1)) -> Aldi
A55: fuji apples | B55: Produce | C55: 6.72 | D55: 5 | E55: =P55 -> pound | F55: =ROUND(C55/D55,2) -> 1.34 | G55: 9.99 | H55: 5.5 | I55: =P55 -> pound | J55: =ROUND(G55/H55,2) -> 1.82 | K55: 3.19 | L55: 3 | M55: =P55 -> pound | N55: =ROUND(K55/L55,2) -> 1.06 | O55: =MIN(IFERROR(F55,N55),IFERROR(J55,F55),IFERROR(N55,J55)) -> 1.06 | P55: pound | Q55: =IF(O55=IFERROR(N55,9999),$K$1,IF(O55=IFERROR(J55,9999),$G$1,$C$1)) -> Aldi
A56: Garlic powder | B56: Pantry | C56: 8.48 | D56: 21 | E56: =P56 -> ounces | F56: =ROUND(C56/D56,2) -> 0.4 | I56: =P56 -> ounces | J56: =ROUND(G56/H56,2) -> #DIV/0! | K56: 0.95 | L56: 3.12 | M56: =P56 -> ounces | N56: =ROUND(K56/L56,2) -> 0.3 | O56: =MIN(IFERROR(F56,N56),IFERROR(J56,F56),IFERROR(N56,J56)) -> 0.3 | P56: ounces | Q56: =IF(O56=IFERROR(N56,9999),$K$1,IF(O56=IFERROR(J56,9999),$G$1,$C$1)) -> Aldi
A57: Gold Potatoes | B57: Produce | C57: x | D57: x | E57: =P57 -> pound | F57: =ROUND(C57/D57,2) -> #VALUE! | G57: 5.99 | H57: 10 | I57: =P57 -> pound | J57: =ROUND(G57/H57,2) -> 0.6 | K57: 2.99 | L57: 1.5 | M57: =P57 -> pound | N57: =ROUND(K57/L57,2) -> 1.99 | O57: =MIN(IFERROR(F57,N57),IFERROR(J57,F57),IFERROR(N57,J57)) -> 0.6 | P57: pound | Q57: =IF(O57=IFERROR(N57,9999),$K$1,IF(O57=IFERROR(J57,9999),$G$1,$C$1)) -> Costco
A58: goldfish | B58: pantry | C58: 10.28 | D58: 66 | E58: =P58 -> ounces | F58: =ROUND(C58/D58,2) -> 0.16 | G58: 9.99 | H58: 66 | I58: =P58 -> ounces | J58: =ROUND(G58/H58,2) -> 0.15 | K58: 4.09 | L58: 11 | M58: =P58 -> ounces | N58: =ROUND(K58/L58,2) -> 0.37 | O58: =MIN(IFERROR(F58,N58),IFERROR(J58,F58),IFERROR(N58,J58)) -> 0.15 | P58: ounces | Q58: =IF(O58=IFERROR(N58,9999),$K$1,IF(O58=IFERROR(J58,9999),$G$1,$C$1)) -> Costco
A59: Graham Crackers | B59: Pantry | C59: 7.97 | D59: =14.4*4 -> 57.6 | E59: =P59 -> ounces | F59: =ROUND(C59/D59,2) -> 0.14 | G59: 7.89 | H59: 57.6 | I59: =P59 -> ounces | J59: =ROUND(G59/H59,2) -> 0.14 | K59: 1.49 | L59: 14.4 | M59: =P59 -> ounces | N59: =ROUND(K59/L59,2) -> 0.1 | O59: =MIN(IFERROR(F59,N59),IFERROR(J59,F59),IFERROR(N59,J59)) -> 0.1 | P59: ounces | Q59: =IF(O59=IFERROR(N59,9999),$K$1,IF(O59=IFERROR(J59,9999),$G$1,$C$1)) -> Aldi
A60: Grape Tomatoes | B60: Produce | C60: 5.98 | D60: 2 | E60: =P60 -> pound | F60: =ROUND(C60/D60,2) -> 2.99 | G60: 5.89 | H60: 2 | I60: =P60 -> pound | J60: =ROUND(G60/H60,2) -> 2.95 | K60: 1.89 | L60: 1.5 | M60: =P60 -> pound | N60: =ROUND(K60/L60,2) -> 1.26 | O60: =MIN(IFERROR(F60,N60),IFERROR(J60,F60),IFERROR(N60,J60)) -> 1.26 | P60: pound | Q60: =IF(O60=IFERROR(N60,9999),$K$1,IF(O60=IFERROR(J60,9999),$G$1,$C$1)) -> Aldi
A61: green beans | B61: Produce | C61: 5.48 | D61: 2 | E61: =P61 -> pound | F61: =ROUND(C61/D61,2) -> 2.74 | G61: 6.99 | H61: 2 | I61: =P61 -> pound | J61: =ROUND(G61/H61,2) -> 3.5 | K61: 1.75 | L61: 1 | M61: =P61 -> pound | N61: =ROUND(K61/L61,2) -> 1.75 | O61: =MIN(IFERROR(F61,N61),IFERROR(J61,F61),IFERROR(N61,J61)) -> 1.75 | P61: pound | Q61: =IF(O61=IFERROR(N61,9999),$K$1,IF(O61=IFERROR(J61,9999),$G$1,$C$1)) -> Aldi
A62: Green peppers | B62: Produce | C62: 4.98 | D62: 6 | E62: =P62 -> count | F62: =ROUND(C62/D62,2) -> 0.83 | I62: =P62 -> count | J62: =ROUND(G62/H62,2) -> #DIV/0! | K62: 1.99 | L62: 3 | M62: =P62 -> count | N62: =ROUND(K62/L62,2) -> 0.66 | O62: =MIN(IFERROR(F62,N62),IFERROR(J62,F62),IFERROR(N62,J62)) -> 0.66 | P62: count | Q62: =IF(O62=IFERROR(N62,9999),$K$1,IF(O62=IFERROR(J62,9999),$G$1,$C$1)) -> Aldi
A63: Ground beef | B63: Meat | C63: 3.28 | D63: 1 | E63: =P63 -> pound | F63: =ROUND(C63/D63,2) -> 3.28 | G63: 4.19 | H63: 1 | I63: =P63 -> pound | J63: =ROUND(G63/H63,2) -> 4.19 | K63: 3.58 | L63: 1 | M63: =P63 -> pound | N63: =ROUND(K63/L63,2) -> 3.58 | O63: =MIN(IFERROR(F63,N63),IFERROR(J63,F63),IFERROR(N63,J63)) -> 3.28 | P63: pound | Q63: =IF(O63=IFERROR(N63,9999),$K$1,IF(O63=IFERROR(J63,9999),$G$1,$C$1)) -> Sam's Club
A64: Ground turkey | B64: Meat | C64: 14.48 | D64: 5 | E64: =P64 -> pound | F64: =ROUND(C64/D64,2) -> 2.9 | G64: 17.59 | H64: =1.7*4 -> 6.8 | I64: =P64 -> pound | J64: =ROUND(G64/H64,2) -> 2.59 | K64: 1.99 | L64: 1 | M64: =P64 -> pound | N64: =ROUND(K64/L64,2) -> 1.99 | O64: =MIN(IFERROR(F64,N64),IFERROR(J64,F64),IFERROR(N64,J64)) -> 1.99 | P64: pound | Q64: =IF(O64=IFERROR(N64,9999),$K$1,IF(O64=IFERROR(J64,9999),$G$1,$C$1)) -> Aldi
A65: ham lunchmeat | B65: Meat | C65: 6.28 | D65: 1.37 | E65: =P65 -> pound | F65: =ROUND(C65/D65,2) -> 4.58 | G65: 5.89 | H65: 1 | I65: =P65 -> pound | J65: =ROUND(G65/H65,2) -> 5.89 | K65: 5.49 | L65: 1 | M65: =P65 -> pound | N65: =ROUND(K65/L65,2) -> 5.49 | O65: =MIN(IFERROR(F65,N65),IFERROR(J65,F65),IFERROR(N65,J65)) -> 4.58 | P65: pound | Q65: =IF(O65=IFERROR(N65,9999),$K$1,IF(O65=IFERROR(J65,9999),$G$1,$C$1)) -> Sam's Club
A66: Honey | B66: Pantry | C66: 10.98 | D66: 48 | E66: =P66 -> ounces | F66: =ROUND(C66/D66,2) -> 0.23 | G66: 13.79 | H66: =5*16 -> 80 | I66: =P66 -> ounces | J66: =ROUND(G66/H66,2) -> 0.17 | K66: 6.95 | L66: 24 | M66: =P66 -> ounces | N66: =ROUND(K66/L66,2) -> 0.29 | O66: =MIN(IFERROR(F66,N66),IFERROR(J66,F66),IFERROR(N66,J66)) -> 0.17 | P66: ounces | Q66: =IF(O66=IFERROR(N66,9999),$K$1,IF(O66=IFERROR(J66,9999),$G$1,$C$1)) -> Costco
A67: Honey Nut Cheerios | B67: Pantry | C67: 6.88 | D67: 48 | E67: =P67 -> ounces | F67: =ROUND(C67/D67,2) -> 0.14 | G67: 7.89 | H67: =27.5*2 -> 55 | I67: =P67 -> ounces | J67: =ROUND(G67/H67,2) -> 0.14 | K67: 3.49 | L67: 15.4 | M67: =P67 -> ounces | N67: =ROUND(K67/L67,2) -> 0.23 | O67: =MIN(IFERROR(F67,N67),IFERROR(J67,F67),IFERROR(N67,J67)) -> 0.14 | P67: ounces | Q67: =IF(O67=IFERROR(N67,9999),$K$1,IF(O67=IFERROR(J67,9999),$G$1,$C$1)) -> Costco
A68: Hot dog combo | B68: meat | C68: 1.5 | D68: 1 | E68: =P68 -> count | F68: =ROUND(C68/D68,2) -> 1.5 | G68: 1.5 | H68: 1 | I68: =P68 -> count | J68: =ROUND(G68/H68,2) -> 1.5 | K68: 2.39 | L68: 1 | M68: =P68 -> count | N68: =ROUND(K68/L68,2) -> 2.39 | O68: =MIN(IFERROR(F68,N68),IFERROR(J68,F68),IFERROR(N68,J68)) -> 1.5 | P68: count | Q68: =IF(O68=IFERROR(N68,9999),$K$1,IF(O68=IFERROR(J68,9999),$G$1,$C$1)) -> Costco
A69: house blend coffee | B69: pantry | C69: 8.67 | D69: =48/16 -> 3 | E69: =P69 -> pound | F69: =ROUND(C69/D69,2) -> 2.89 | G69: 11.99 | H69: 2.5 | I69: =P69 -> pound | J69: =ROUND(G69/H69,2) -> 4.8 | K69: 4.99 | L69: =30.5/16 -> 1.90625 | M69: =P69 -> pound | N69: =ROUND(K69/L69,2) -> 2.62 | O69: =MIN(IFERROR(F69,N69),IFERROR(J69,F69),IFERROR(N69,J69)) -> 2.62 | P69: pound | Q69: =IF(O69=IFERROR(N69,9999),$K$1,IF(O69=IFERROR(J69,9999),$G$1,$C$1)) -> Aldi
A70: hummus | B70: Produce | C70: 3.98 | D70: 32 | E70: =P70 -> ounces | F70: =ROUND(C70/D70,2) -> 0.12 | G70: 5.99 | H70: 34 | I70: =P70 -> ounces | J70: =ROUND(G70/H70,2) -> 0.18 | K70: 1.49 | L70: 10 | M70: =P70 -> ounces | N70: =ROUND(K70/L70,2) -> 0.15 | O70: =MIN(IFERROR(F70,N70),IFERROR(J70,F70),IFERROR(N70,J70)) -> 0.12 | P70: ounces | Q70: =IF(O70=IFERROR(N70,9999),$K$1,IF(O70=IFERROR(J70,9999),$G$1,$C$1)) -> Sam's Club
A71: ibuprofen | B71: medicine | C71: 10.54 | D71: 1200 | E71: =P71 -> count | F71: =ROUND(C71/D71,2) -> 0.01 | G71: 9.99 | H71: 1000 | I71: =P71 -> count | J71: =ROUND(G71/H71,2) -> 0.01 | K71: 1.95 | L71: 100 | M71: =P71 -> count | N71: =ROUND(K71/L71,2) -> 0.02 | O71: =MIN(IFERROR(F71,N71),IFERROR(J71,F71),IFERROR(N71,J71)) -> 0.01 | P71: count | Q71: =IF(O71=IFERROR(N71,9999),$K$1,IF(O71=IFERROR(J71,9999),$G$1,$C$1)) -> Costco
A72: Italian seasoning | B72: Pantry | C72: 5.98 | D72: 6 | E72: =P72 -> ounces | F72: =ROUND(C72/D72,2) -> 1 | I72: =P72 -> ounces | J72: =ROUND(G72/H72,2) -> #DIV/0! | K72: 0.95 | L72: 0.75 | M72: =P72 -> ounces | N72: =ROUND(K72/L72,2) -> 1.27 | O72: =MIN(IFERROR(F72,N72),IFERROR(J72,F72),IFERROR(N72,J72)) -> 1 | P72: ounces | Q72: =IF(O72=IFERROR(N72,9999),$K$1,IF(O72=IFERROR(J72,9999),$G$1,$C$1)) -> Sam's Club
A73: Jasmine rice | B73: Pantry | C73: 4.78 | D73: 4 | E73: =P73 -> pounds | F73: =ROUND(C73/D73,2) -> 1.2 | G73: 19.49 | H73: 25 | I73: =P73 -> pounds | J73: =ROUND(G73/H73,2) -> 0.78 | K73: 4.95 | L73: 5 | M73: =P73 -> pounds | N73: =ROUND(K73/L73,2) -> 0.99 | O73: =MIN(IFERROR(F73,N73),IFERROR(J73,F73),IFERROR(N73,J73)) -> 0.78 | P73: pounds | Q73: =IF(O73=IFERROR(N73,9999),$K$1,IF(O73=IFERROR(J73,9999),$G$1,$C$1)) -> Costco
A74: ketchup | B74: pantry | C74: 7.98 | D74: =44*3 -> 132 | E74: =P74 -> ounces | F74: =ROUND(C74/D74,2) -> 0.06 | G74: 9.49 | H74: =44*3 -> 132 | I74: =P74 -> ounces | J74: =ROUND(G74/H74,2) -> 0.07 | K74: 1.49 | L74: 38 | M74: =P74 -> ounces | N74: =ROUND(K74/L74,2) -> 0.04 | O74: =MIN(IFERROR(F74,N74),IFERROR(J74,F74),IFERROR(N74,J74)) -> 0.04 | P74: ounces | Q74: =IF(O74=IFERROR(N74,9999),$K$1,IF(O74=IFERROR(J74,9999),$G$1,$C$1)) -> Aldi
A75: kitty litter | B75: pet | C75: 10.82 | D75: 52 | E75: =P75 -> pounds | F75: =ROUND(C75/D75,2) -> 0.21 | G75: 12.99 | H75: 42 | I75: =P75 -> pounds | J75: =ROUND(G75/H75,2) -> 0.31 | K75: 4.89 | L75: 14 | M75: =P75 -> pounds | N75: =ROUND(K75/L75,2) -> 0.35 | O75: =MIN(IFERROR(F75,N75),IFERROR(J75,F75),IFERROR(N75,J75)) -> 0.21 | P75: pounds | Q75: =IF(O75=IFERROR(N75,9999),$K$1,IF(O75=IFERROR(J75,9999),$G$1,$C$1)) -> Sam's Club
A76: Long grain rice | B76: Pantry | C76: 9.28 | D76: 25 | E76: =P76 -> pounds | F76: =ROUND(C76/D76,2) -> 0.37 | G76: 9.49 | H76: 25 | I76: =P76 -> pounds | J76: =ROUND(G76/H76,2) -> 0.38 | K76: 1.89 | L76: 48 | M76: =P76 -> pounds | N76: =ROUND(K76/L76,2) -> 0.04 | O76: =MIN(IFERROR(F76,N76),IFERROR(J76,F76),IFERROR(N76,J76)) -> 0.04 | P76: pounds | Q76: =IF(O76=IFERROR(N76,9999),$K$1,IF(O76=IFERROR(J76,9999),$G$1,$C$1)) -> Aldi
A77: Mac n cheese | B77: pasta | C77: 14.88 | D77: 8 | E77: =P77 -> boxes | F77: =ROUND(C77/D77,2) -> 1.86 | G77: 12.89 | H77: 18 | I77: =P77 -> boxes | J77: =ROUND(G77/H77,2) -> 0.72 | K77: 1.45 | L77: 1 | M77: =P77 -> boxes | N77: =ROUND(K77/L77,2) -> 1.45 | O77: =MIN(IFERROR(F77,N77),IFERROR(J77,F77),IFERROR(N77,J77)) -> 0.72 | P77: boxes | Q77: =IF(O77=IFERROR(N77,9999),$K$1,IF(O77=IFERROR(J77,9999),$G$1,$C$1)) -> Costco
A78: Mandarins | B78: Produce | C78: 6.48 | D78: 5 | E78: =P78 -> pound | F78: =ROUND(C78/D78,2) -> 1.3 | G78: 6.39 | H78: 5 | I78: =P78 -> pound | J78: =ROUND(G78/H78,2) -> 1.28 | K78: 3.99 | L78: 3 | M78: =P78 -> pound | N78: =ROUND(K78/L78,2) -> 1.33 | O78: =MIN(IFERROR(F78,N78),IFERROR(J78,F78),IFERROR(N78,J78)) -> 1.28 | P78: pound | Q78: =IF(O78=IFERROR(N78,9999),$K$1,IF(O78=IFERROR(J78,9999),$G$1,$C$1)) -> Costco
A79: Marinara | B79: pantry | C79: 6.98 | D79: =3*32 -> 96 | E79: =P79 -> ounces | F79: =ROUND(C79/D79,2) -> 0.07 | G79: 10.99 | H79: 56 | I79: =P79 -> ounces | J79: =ROUND(G79/H79,2) -> 0.2 | K79: 1.25 | L79: 24 | M79: =P79 -> ounces | N79: =ROUND(K79/L79,2) -> 0.05 | O79: =MIN(IFERROR(F79,N79),IFERROR(J79,F79),IFERROR(N79,J79)) -> 0.05 | P79: ounces | Q79: =IF(O79=IFERROR(N79,9999),$K$1,IF(O79=IFERROR(J79,9999),$G$1,$C$1)) -> Aldi
A80: milk 2% | B80: Dairy | C80: 3.22 | D80: 1 | E80: =P80 -> gallon | F80: =ROUND(C80/D80,2) -> 3.22 | G80: 3.22 | H80: 1 | I80: =P80 -> gallon | J80: =ROUND(G80/H80,2) -> 3.22 | K80: 2.98 | L80: 1 | M80: =P80 -> gallon | N80: =ROUND(K80/L80,2) -> 2.98 | O80: =MIN(IFERROR(F80,N80),IFERROR(J80,F80),IFERROR(N80,J80)) -> 2.98 | P80: gallon | Q80: =IF(O80=IFERROR(N80,9999),$K$1,IF(O80=IFERROR(J80,9999),$G$1,$C$1)) -> Aldi
A81: milk skim | B81: dairy | C81: 2.92 | D81: 1 | E81: =P81 -> gallon | F81: =ROUND(C81/D81,2) -> 2.92 | G81: 2.92 | H81: 1 | I81: =P81 -> gallon | J81: =ROUND(G81/H81,2) -> 2.92 | K81: 2.79 | L81: 1 | M81: =P81 -> gallon | N81: =ROUND(K81/L81,2) -> 2.79 | O81: =MIN(IFERROR(F81,N81),IFERROR(J81,F81),IFERROR(N81,J81)) -> 2.79 | P81: gallon | Q81: =IF(O81=IFERROR(N81,9999),$K$1,IF(O81=IFERROR(J81,9999),$G$1,$C$1)) -> Aldi
A82: Milk whole | B82: Dairy | C82: 3.47 | D82: 1 | E82: =P82 -> gallon | F82: =ROUND(C82/D82,2) -> 3.47 | G82: 3.47 | H82: 1 | I82: =P82 -> gallon | J82: =ROUND(G82/H82,2) -> 3.47 | K82: 2.99 | L82: 1 | M82: =P82 -> gallon | N82: =ROUND(K82/L82,2) -> 2.99 | O82: =MIN(IFERROR(F82,N82),IFERROR(J82,F82),IFERROR(N82,J82)) -> 2.99 | P82: gallon | Q82: =IF(O82=IFERROR(N82,9999),$K$1,IF(O82=IFERROR(J82,9999),$G$1,$C$1)) -> Aldi
A83: Minced garlic | B83: Pantry | C83: 3.98 | D83: 48 | E83: =P83 -> ounces | F83: =ROUND(C83/D83,2) -> 0.08 | G83: 4.99 | H83: 48 | I83: =P83 -> ounces | J83: =ROUND(G83/H83,2) -> 0.1 | K83: 1.79 | L83: 8 | M83: =P83 -> ounces | N83: =ROUND(K83/L83,2) -> 0.22 | O83: =MIN(IFERROR(F83,N83),IFERROR(J83,F83),IFERROR(N83,J83)) -> 0.08 | P83: ounces | Q83: =IF(O83=IFERROR(N83,9999),$K$1,IF(O83=IFERROR(J83,9999),$G$1,$C$1)) -> Sam's Club
A84: Mixed nuts | B84: nuts | C84: 11.98 | D84: 34 | E84: =P84 -> ounces | F84: =ROUND(C84/D84,2) -> 0.35 | G84: 14.79 | H84: 40 | I84: =P84 -> ounces | J84: =ROUND(G84/H84,2) -> 0.37 | K84: 4.95 | L84: 14.75 | M84: =P84 -> ounces | N84: =ROUND(K84/L84,2) -> 0.34 | O84: =MIN(IFERROR(F84,N84),IFERROR(J84,F84),IFERROR(N84,J84)) -> 0.34 | P84: ounces | Q84: =IF(O84=IFERROR(N84,9999),$K$1,IF(O84=IFERROR(J84,9999),$G$1,$C$1)) -> Aldi
A85: oatmeal instant | B85: Pantry | C85: 8.38 | D85: 160 | E85: =P85 -> ounces | F85: =ROUND(C85/D85,2) -> 0.05 | G85: 8.39 | H85: 160 | I85: =P85 -> ounces | J85: =ROUND(G85/H85,2) -> 0.05 | K85: 2.45 | L85: 42 | M85: =P85 -> ounces | N85: =ROUND(K85/L85,2) -> 0.06 | O85: =MIN(IFERROR(F85,N85),IFERROR(J85,F85),IFERROR(N85,J85)) -> 0.05 | P85: ounces | Q85: =IF(O85=IFERROR(N85,9999),$K$1,IF(O85=IFERROR(J85,9999),$G$1,$C$1)) -> Costco
A86: Oatmeal packets | B86: Pantry | C86: 10.18 | D86: 52 | E86: =P86 -> count | F86: =ROUND(C86/D86,2) -> 0.2 | G86: 9.79 | H86: 52 | I86: =P86 -> count | J86: =ROUND(G86/H86,2) -> 0.19 | K86: 1.45 | L86: 10 | M86: =P86 -> count | N86: =ROUND(K86/L86,2) -> 0.15 | O86: =MIN(IFERROR(F86,N86),IFERROR(J86,F86),IFERROR(N86,J86)) -> 0.15 | P86: count | Q86: =IF(O86=IFERROR(N86,9999),$K$1,IF(O86=IFERROR(J86,9999),$G$1,$C$1)) -> Aldi
A87: Olive oil | B87: Pantry | C87: 11.96 | D87: 3 | E87: =P87 -> liter | F87: =ROUND(C87/D87,2) -> 3.99 | G87: 25.99 | H87: 6 | I87: =P87 -> liter | J87: =ROUND(G87/H87,2) -> 4.33 | K87: 2.49 | L87: =16.9/34 -> 0.49705882 | M87: =P87 -> liter | N87: =ROUND(K87/L87,2) -> 5.01 | O87: =MIN(IFERROR(F87,N87),IFERROR(J87,F87),IFERROR(N87,J87)) -> 3.99 | P87: liter | Q87: =IF(O87=IFERROR(N87,9999),$K$1,IF(O87=IFERROR(J87,9999),$G$1,$C$1)) -> Sam's Club
A88: Oranges | B88: Produce | C88: 7.95 | D88: 8 | E88: =P88 -> pound | F88: =ROUND(C88/D88,2) -> 0.99 | G88: 8.89 | H88: 8 | I88: =P88 -> pound | J88: =ROUND(G88/H88,2) -> 1.11 | K88: 4.39 | L88: 4 | M88: =P88 -> pound | N88: =ROUND(K88/L88,2) -> 1.1 | O88: =MIN(IFERROR(F88,N88),IFERROR(J88,F88),IFERROR(N88,J88)) -> 0.99 | P88: pound | Q88: =IF(O88=IFERROR(N88,9999),$K$1,IF(O88=IFERROR(J88,9999),$G$1,$C$1)) -> Sam's Club
A89: pancake mix | B89: Pantry | C89: 6.14 | D89: =160 -> 160 | E89: =P89 -> ounces | F89: =ROUND(C89/D89,2) -> 0.04 | G89: 6.89 | H89: 160 | I89: =P89 -> ounces | J89: =ROUND(G89/H89,2) -> 0.04 | K89: 1.85 | L89: 32 | M89: =P89 -> ounces | N89: =ROUND(K89/L89,2) -> 0.06 | O89: =MIN(IFERROR(F89,N89),IFERROR(J89,F89),IFERROR(N89,J89)) -> 0.04 | P89: ounces | Q89: =IF(O89=IFERROR(N89,9999),$K$1,IF(O89=IFERROR(J89,9999),$G$1,$C$1)) -> Costco
A90: paper towel | B90: cleaning | C90: 16.98 | D90: =15*150 -> 2250 | E90: =P90 -> sheet | F90: =ROUND(C90/D90,2) -> 0.01 | I90: =P90 -> sheet | J90: =ROUND(G90/H90,2) -> #DIV/0! | K90: 7.19 | L90: 696 | M90: =P90 -> sheet | N90: =ROUND(K90/L90,2) -> 0.01 | O90: =MIN(IFERROR(F90,N90),IFERROR(J90,F90),IFERROR(N90,J90)) -> 0.01 | P90: sheet | Q90: =IF(O90=IFERROR(N90,9999),$K$1,IF(O90=IFERROR(J90,9999),$G$1,$C$1)) -> Aldi
A91: peanut butter JIF | B91: Pantry | C91: 9.77 | D91: 96 | E91: =P91 -> ounces | F91: =ROUND(C91/D91,2) -> 0.1 | G91: 9.69 | H91: 96 | I91: =P91 -> ounces | J91: =ROUND(G91/H91,2) -> 0.1 | K91: 3.98 | L91: 28 | M91: =P91 -> ounces | N91: =ROUND(K91/L91,2) -> 0.14 | O91: =MIN(IFERROR(F91,N91),IFERROR(J91,F91),IFERROR(N91,J91)) -> 0.1 | P91: ounces | Q91: =IF(O91=IFERROR(N91,9999),$K$1,IF(O91=IFERROR(J91,9999),$G$1,$C$1)) -> Costco
A92: peanuts | B92: nuts | C92: 3.82 | D92: 34 | E92: =P92 -> ounces | F92: =ROUND(C92/D92,2) -> 0.11 | I92: =P92 -> ounces | J92: =ROUND(G92/H92,2) -> #DIV/0! | K92: 1.85 | L92: 16 | M92: =P92 -> ounces | N92: =ROUND(K92/L92,2) -> 0.12 | O92: =MIN(IFERROR(F92,N92),IFERROR(J92,F92),IFERROR(N92,J92)) -> 0.11 | P92: ounces | Q92: =IF(O92=IFERROR(N92,9999),$K$1,IF(O92=IFERROR(J92,9999),$G$1,$C$1)) -> Sam's Club
A93: pecan halves | B93: nuts | C93: 11.98 | D93: 32 | E93: =P93 -> ounces | F93: =ROUND(C93/D93,2) -> 0.37 | G93: 12.79 | H93: 32 | I93: =P93 -> ounces | J93: =ROUND(G93/H93,2) -> 0.4 | K93: 5.09 | L93: 10 | M93: =P93 -> ounces | N93: =ROUND(K93/L93,2) -> 0.51 | O93: =MIN(IFERROR(F93,N93),IFERROR(J93,F93),IFERROR(N93,J93)) -> 0.37 | P93: ounces | Q93: =IF(O93=IFERROR(N93,9999),$K$1,IF(O93=IFERROR(J93,9999),$G$1,$C$1)) -> Sam's Club
A94: pepperoni pizza | B94: Frozen | C94: 9.68 | D94: 4 | E94: =P94 -> count | F94: =ROUND(C94/D94,2) -> 2.42 | G94: 13.49 | H94: 4 | I94: =P94 -> count | J94: =ROUND(G94/H94,2) -> 3.37 | K94: 2.39 | L94: 1 | M94: =P94 -> count | N94: =ROUND(K94/L94,2) -> 2.39 | O94: =MIN(IFERROR(F94,N94),IFERROR(J94,F94),IFERROR(N94,J94)) -> 2.39 | P94: count | Q94: =IF(O94=IFERROR(N94,9999),$K$1,IF(O94=IFERROR(J94,9999),$G$1,$C$1)) -> Aldi
A95: pesto | B95: Pantry | C95: 6.98 | D95: 22 | E95: =P95 -> ounces | F95: =ROUND(C95/D95,2) -> 0.32 | G95: 9.49 | H95: 22 | I95: =P95 -> ounces | J95: =ROUND(G95/H95,2) -> 0.43 | K95: 2.25 | L95: 6.7 | M95: =P95 -> ounces | N95: =ROUND(K95/L95,2) -> 0.34 | O95: =MIN(IFERROR(F95,N95),IFERROR(J95,F95),IFERROR(N95,J95)) -> 0.32 | P95: ounces | Q95: =IF(O95=IFERROR(N95,9999),$K$1,IF(O95=IFERROR(J95,9999),$G$1,$C$1)) -> Sam's Club
A96: Pork butt | B96: Meat | C96: 2.48 | D96: 1 | E96: =P96 -> pound | F96: =ROUND(C96/D96,2) -> 2.48 | I96: =P96 -> pound | J96: =ROUND(G96/H96,2) -> #DIV/0! | K96: 2.99 | L96: 1 | M96: =P96 -> pound | N96: =ROUND(K96/L96,2) -> 2.99 | O96: =MIN(IFERROR(F96,N96),IFERROR(J96,F96),IFERROR(N96,J96)) -> 2.48 | P96: pound | Q96: =IF(O96=IFERROR(N96,9999),$K$1,IF(O96=IFERROR(J96,9999),$G$1,$C$1)) -> Sam's Club
A97: Pork Chop | B97: meat | C97: 1.98 | D97: 1 | E97: =P97 -> pound | F97: =ROUND(C97/D97,2) -> 1.98 | I97: =P97 -> pound | J97: =ROUND(G97/H97,2) -> #DIV/0! | K97: 3.29 | L97: 1 | M97: =P97 -> pound | N97: =ROUND(K97/L97,2) -> 3.29 | O97: =MIN(IFERROR(F97,N97),IFERROR(J97,F97),IFERROR(N97,J97)) -> 1.98 | P97: pound | Q97: =IF(O97=IFERROR(N97,9999),$K$1,IF(O97=IFERROR(J97,9999),$G$1,$C$1)) -> Sam's Club
A98: pork loin | B98: Meat | C98: 2.08 | D98: 1 | E98: =P98 -> pound | F98: =ROUND(C98/D98,2) -> 2.08 | G98: 2.09 | H98: 1 | I98: =P98 -> pound | J98: =ROUND(G98/H98,2) -> 2.09 | K98: 2.39 | L98: 1 | M98: =P98 -> pound | N98: =ROUND(K98/L98,2) -> 2.39 | O98: =MIN(IFERROR(F98,N98),IFERROR(J98,F98),IFERROR(N98,J98)) -> 2.08 | P98: pound | Q98: =IF(O98=IFERROR(N98,9999),$K$1,IF(O98=IFERROR(J98,9999),$G$1,$C$1)) -> Sam's Club
A99: pork sausage | B99: Meat | C99: 7.22 | D99: 3 | E99: =P99 -> pound | F99: =ROUND(C99/D99,2) -> 2.41 | G99: 14.99 | H99: 5 | I99: =P99 -> pound | J99: =ROUND(G99/H99,2) -> 3 | K99: 2.35 | L99: 1 | M99: =P99 -> pound | N99: =ROUND(K99/L99,2) -> 2.35 | O99: =MIN(IFERROR(F99,N99),IFERROR(J99,F99),IFERROR(N99,J99)) -> 2.35 | P99: pound | Q99: =IF(O99=IFERROR(N99,9999),$K$1,IF(O99=IFERROR(J99,9999),$G$1,$C$1)) -> Aldi
A100: powdered sugar | B100: Pantry | C100: 5.38 | D100: 7 | E100: =P100 -> pound | F100: =ROUND(C100/D100,2) -> 0.77 | G100: 4.59 | H100: 7 | I100: =P100 -> pound | J100: =ROUND(G100/H100,2) -> 0.66 | K100: 1.39 | L100: =12/16 -> 0.75 | M100: =P100 -> pound | N100: =ROUND(K100/L100,2) -> 1.85 | O100: =MIN(IFERROR(F100,N100),IFERROR(J100,F100),IFERROR(N100,J100)) -> 0.66 | P100: pound | Q100: =IF(O100=IFERROR(N100,9999),$K$1,IF(O100=IFERROR(J100,9999),$G$1,$C$1)) -> Costco
...

Sheet Item analysis
B1: Per Item | I1: Monthly | J1: Annual | L1: Annual
A2: Item | B2: Cost | C2: /quantity | D2: Where to Buy | E2: Sam's Price | F2: Costco Price | G2: Aldi Price | H2: Savings over Aldi | I2: Quantity Each Month | J2: Sam's Savings (annual) | K2: Costco Savings (annual) | L2: If only buying Sam's | M2: If only buying Costco
A3: activia yogurt | B3: =VLOOKUP(A3,'Price Master List'!A:Q,15,FALSE) -> 0.37 | C3: =VLOOKUP(A3,'Price Master List'!A:Q,16,FALSE) -> count | D3: =VLOOKUP(A3,'Price Master List'!A:Q,17,FALSE) -> Sam's Club | E3: =IFERROR(VLOOKUP(A3,'Price Master List'!A:N,6,FALSE),0) -> 0.37 | F3: =IFERROR(VLOOKUP(A3,'Price Master List'!A:N,10),0) -> 0.4 | G3: =IFERROR(VLOOKUP(A3,'Price Master List'!A:N,14,FALSE),0) -> 0 | H3: =IF(G3=0,0,G3-B3) -> 0 | I3: 0 | J3: =IF(D3="Sam's Club",H3*I3*12,0) -> 0 | K3: =IF(D3="Costco",H3*I3*12,0) -> 0 | L3: =IF(E3>0,IF(G3>0,IF(G3>E3,(G3-E3)*I3*12,0),0),0) -> 0 | M3: =IF(F3>0,IF(G3>0,IF(G3>F3,(G3-F3)*I3*12,0),0),0) -> 0
A4: advil | B4: =VLOOKUP(A4,'Price Master List'!A:Q,15,FALSE) -> 0.05 | C4: =VLOOKUP(A4,'Price Master List'!A:Q,16,FALSE) -> count | D4: =VLOOKUP(A4,'Price Master List'!A:Q,17,FALSE) -> Costco | E4: =IFERROR(VLOOKUP(A4,'Price Master List'!A:N,6,FALSE),0) -> 0.09 | F4: =IFERROR(VLOOKUP(A4,'Price Master List'!A:N,10),0) -> 0.05 | G4: =IFERROR(VLOOKUP(A4,'Price Master List'!A:N,14,FALSE),0) -> 0 | H4: =IF(G4=0,0,G4-B4) -> 0 | I4: 0 | J4: =IF(D4="Sam's Club",H4*I4*12,0) -> 0 | K4: =IF(D4="Costco",H4*I4*12,0) -> 0 | L4: =IF(E4>0,IF(G4>0,IF(G4>E4,(G4-E4)*I4*12,0),0),0) -> 0 | M4: =IF(F4>0,IF(G4>0,IF(G4>F4,(G4-F4)*I4*12,0),0),0) -> 0
A5: alfredo sauce | B5: =VLOOKUP(A5,'Price Master List'!A:Q,15,FALSE) -> 0.14 | C5: =VLOOKUP(A5,'Price Master List'!A:Q,16,FALSE) -> ounces | D5: =VLOOKUP(A5,'Price Master List'!A:Q,17,FALSE) -> Aldi | E5: =IFERROR(VLOOKUP(A5,'Price Master List'!A:N,6,FALSE),0) -> 0.14 | F5: =IFERROR(VLOOKUP(A5,'Price Master List'!A:N,10),0) -> 0.22 | G5: =IFERROR(VLOOKUP(A5,'Price Master List'!A:N,14,FALSE),0) -> 0.14 | H5: =IF(G5=0,0,G5-B5) -> 0 | I5: 0 | J5: =IF(D5="Sam's Club",H5*I5*12,0) -> 0 | K5: =IF(D5="Costco",H5*I5*12,0) -> 0 | L5: =IF(E5>0,IF(G5>0,IF(G5>E5,(G5-E5)*I5*12,0),0),0) -> 0 | M5: =IF(F5>0,IF(G5>0,IF(G5>F5,(G5-F5)*I5*12,0),0),0) -> 0
A6: all free & clear | B6: =VLOOKUP(A6,'Price Master List'!A:Q,15,FALSE) -> 0.06 | C6: =VLOOKUP(A6,'Price Master List'!A:Q,16,FALSE) -> ounces | D6: =VLOOKUP(A6,'Price Master List'!A:Q,17,FALSE) -> Costco | E6: =IFERROR(VLOOKUP(A6,'Price Master List'!A:N,6,FALSE),0) -> 0.06 | F6: =IFERROR(VLOOKUP(A6,'Price Master List'!A:N,10),0) -> 0.06 | G6: =IFERROR(VLOOKUP(A6,'Price Master List'!A:N,14,FALSE),0) -> 0 | H6: =IF(G6=0,0,G6-B6) -> 0 | I6: 0 | J6: =IF(D6="Sam's Club",H6*I6*12,0) -> 0 | K6: =IF(D6="Costco",H6*I6*12,0) -> 0 | L6: =IF(E6>0,IF(G6>0,IF(G6>E6,(G6-E6)*I6*12,0),0),0) -> 0 | M6: =IF(F6>0,IF(G6>0,IF(G6>F6,(G6-F6)*I6*12,0),0),0) -> 0
A7: apple juice | B7: =VLOOKUP(A7,'Price Master List'!A:Q,15,FALSE) -> 0.02 | C7: =VLOOKUP(A7,'Price Master List'!A:Q,16,FALSE) -> ounces | D7: =VLOOKUP(A7,'Price Master List'!A:Q,17,FALSE) -> Aldi | E7: =IFERROR(VLOOKUP(A7,'Price Master List'!A:N,6,FALSE),0) -> 0 | F7: =IFERROR(VLOOKUP(A7,'Price Master List'!A:N,10),0) -> 0.03 | G7: =IFERROR(VLOOKUP(A7,'Price Master List'!A:N,14,FALSE),0) -> 0.02 | H7: =IF(G7=0,0,G7-B7) -> 0 | I7: 0 | J7: =IF(D7="Sam's Club",H7*I7*12,0) -> 0 | K7: =IF(D7="Costco",H7*I7*12,0) -> 0 | L7: =IF(E7>0,IF(G7>0,IF(G7>E7,(G7-E7)*I7*12,0),0),0) -> 0 | M7: =IF(F7>0,IF(G7>0,IF(G7>F7,(G7-F7)*I7*12,0),0),0) -> 0
A8: applesauce pouches | B8: =VLOOKUP(A8,'Price Master List'!A:Q,15,FALSE) -> 0.37 | C8: =VLOOKUP(A8,'Price Master List'!A:Q,16,FALSE) -> count | D8: =VLOOKUP(A8,'Price Master List'!A:Q,17,FALSE) -> Aldi | E8: =IFERROR(VLOOKUP(A8,'Price Master List'!A:N,6,FALSE),0) -> 0.41 | F8: =IFERROR(VLOOKUP(A8,'Price Master List'!A:N,10),0) -> 0.4 | G8: =IFERROR(VLOOKUP(A8,'Price Master List'!A:N,14,FALSE),0) -> 0.37 | H8: =IF(G8=0,0,G8-B8) -> 0 | I8: 0 | J8: =IF(D8="Sam's Club",H8*I8*12,0) -> 0 | K8: =IF(D8="Costco",H8*I8*12,0) -> 0 | L8: =IF(E8>0,IF(G8>0,IF(G8>E8,(G8-E8)*I8*12,0),0),0) -> 0 | M8: =IF(F8>0,IF(G8>0,IF(G8>F8,(G8-F8)*I8*12,0),0),0) -> 0
A9: baby bella mushrooms | B9: =VLOOKUP(A9,'Price Master List'!A:Q,15,FALSE) -> 0.18 | C9: =VLOOKUP(A9,'Price Master List'!A:Q,16,FALSE) -> ounces | D9: =VLOOKUP(A9,'Price Master List'!A:Q,17,FALSE) -> Sam's Club | E9: =IFERROR(VLOOKUP(A9,'Price Master List'!A:N,6,FALSE),0) -> 0.18 | F9: =IFERROR(VLOOKUP(A9,'Price Master List'!A:N,10),0) -> 0.25 | G9: =IFERROR(VLOOKUP(A9,'Price Master List'!A:N,14,FALSE),0) -> 0.25 | H9: =IF(G9=0,0,G9-B9) -> 0.07 | I9: 0 | J9: =IF(D9="Sam's Club",H9*I9*12,0) -> 0 | K9: =IF(D9="Costco",H9*I9*12,0) -> 0 | L9: =IF(E9>0,IF(G9>0,IF(G9>E9,(G9-E9)*I9*12,0),0),0) -> 0 | M9: =IF(F9>0,IF(G9>0,IF(G9>F9,(G9-F9)*I9*12,0),0),0) -> 0
A10: Bacon | B10: =VLOOKUP(A10,'Price Master List'!A:Q,15,FALSE) -> 4.19 | C10: =VLOOKUP(A10,'Price Master List'!A:Q,16,FALSE) -> pound | D10: =VLOOKUP(A10,'Price Master List'!A:Q,17,FALSE) -> Aldi | E10: =IFERROR(VLOOKUP(A10,'Price Master List'!A:N,6,FALSE),0) -> 5.22 | F10: =IFERROR(VLOOKUP(A10,'Price Master List'!A:N,10),0) -> 4.75 | G10: =IFERROR(VLOOKUP(A10,'Price Master List'!A:N,14,FALSE),0) -> 4.19 | H10: =IF(G10=0,0,G10-B10) -> 0 | I10: 0 | J10: =IF(D10="Sam's Club",H10*I10*12,0) -> 0 | K10: =IF(D10="Costco",H10*I10*12,0) -> 0 | L10: =IF(E10>0,IF(G10>0,IF(G10>E10,(G10-E10)*I10*12,0),0),0) -> 0 | M10: =IF(F10>0,IF(G10>0,IF(G10>F10,(G10-F10)*I10*12,0),0),0) -> 0
A11: bagels | B11: =VLOOKUP(A11,'Price Master List'!A:Q,15,FALSE) -> 0.25 | C11: =VLOOKUP(A11,'Price Master List'!A:Q,16,FALSE) -> count | D11: =VLOOKUP(A11,'Price Master List'!A:Q,17,FALSE) -> Aldi | E11: =IFERROR(VLOOKUP(A11,'Price Master List'!A:N,6,FALSE),0) -> 0.5 | F11: =IFERROR(VLOOKUP(A11,'Price Master List'!A:N,10),0) -> 0.67 | G11: =IFERROR(VLOOKUP(A11,'Price Master List'!A:N,14,FALSE),0) -> 0.25 | H11: =IF(G11=0,0,G11-B11) -> 0 | I11: 0 | J11: =IF(D11="Sam's Club",H11*I11*12,0) -> 0 | K11: =IF(D11="Costco",H11*I11*12,0) -> 0 | L11: =IF(E11>0,IF(G11>0,IF(G11>E11,(G11-E11)*I11*12,0),0),0) -> 0 | M11: =IF(F11>0,IF(G11>0,IF(G11>F11,(G11-F11)*I11*12,0),0),0) -> 0
A12: baking potatoes | B12: =VLOOKUP(A12,'Price Master List'!A:Q,15,FALSE) -> 0.44 | C12: =VLOOKUP(A12,'Price Master List'!A:Q,16,FALSE) -> pound | D12: =VLOOKUP(A12,'Price Master List'!A:Q,17,FALSE) -> Aldi | E12: =IFERROR(VLOOKUP(A12,'Price Master List'!A:N,6,FALSE),0) -> 0.55 | F12: =IFERROR(VLOOKUP(A12,'Price Master List'!A:N,10),0) -> 0.53 | G12: =IFERROR(VLOOKUP(A12,'Price Master List'!A:N,14,FALSE),0) -> 0.44 | H12: =IF(G12=0,0,G12-B12) -> 0 | I12: 0 | J12: =IF(D12="Sam's Club",H12*I12*12,0) -> 0 | K12: =IF(D12="Costco",H12*I12*12,0) -> 0 | L12: =IF(E12>0,IF(G12>0,IF(G12>E12,(G12-E12)*I12*12,0),0),0) -> 0 | M12: =IF(F12>0,IF(G12>0,IF(G12>F12,(G12-F12)*I12*12,0),0),0) -> 0
A13: baking soda | B13: =VLOOKUP(A13,'Price Master List'!A:Q,15,FALSE) -> 0.51 | C13: =VLOOKUP(A13,'Price Master List'!A:Q,16,FALSE) -> pound | D13: =VLOOKUP(A13,'Price Master List'!A:Q,17,FALSE) -> Costco | E13: =IFERROR(VLOOKUP(A13,'Price Master List'!A:N,6,FALSE),0) -> 0.52 | F13: =IFERROR(VLOOKUP(A13,'Price Master List'!A:N,10),0) -> 0.51 | G13: =IFERROR(VLOOKUP(A13,'Price Master List'!A:N,14,FALSE),0) -> 0.59 | H13: =IF(G13=0,0,G13-B13) -> 0.08 | I13: 0 | J13: =IF(D13="Sam's Club",H13*I13*12,0) -> 0 | K13: =IF(D13="Costco",H13*I13*12,0) -> 0 | L13: =IF(E13>0,IF(G13>0,IF(G13>E13,(G13-E13)*I13*12,0),0),0) -> 0 | M13: =IF(F13>0,IF(G13>0,IF(G13>F13,(G13-F13)*I13*12,0),0),0) -> 0
A14: Bananas | B14: =VLOOKUP(A14,'Price Master List'!A:Q,15,FALSE) -> 0.47 | C14: =VLOOKUP(A14,'Price Master List'!A:Q,16,FALSE) -> pound | D14: =VLOOKUP(A14,'Price Master List'!A:Q,17,FALSE) -> Aldi | E14: =IFERROR(VLOOKUP(A14,'Price Master List'!A:N,6,FALSE),0) -> 0.53 | F14: =IFERROR(VLOOKUP(A14,'Price Master List'!A:N,10),0) -> 0.76 | G14: =IFERROR(VLOOKUP(A14,'Price Master List'!A:N,14,FALSE),0) -> 0.47 | H14: =IF(G14=0,0,G14-B14) -> 0 | I14: 0 | J14: =IF(D14="Sam's Club",H14*I14*12,0) -> 0 | K14: =IF(D14="Costco",H14*I14*12,0) -> 0 | L14: =IF(E14>0,IF(G14>0,IF(G14>E14,(G14-E14)*I14*12,0),0),0) -> 0 | M14: =IF(F14>0,IF(G14>0,IF(G14>F14,(G14-F14)*I14*12,0),0),0) -> 0
... A146: Ziplock quart | B146: =VLOOKUP(A146,'Price Master List'!A:Q,15,FALSE) -> 0.05 | C146: =VLOOKUP(A146,'Price Master List'!A:Q,16,FALSE) -> bag | D146: =VLOOKUP(A146,'Price Master List'!A:Q,17,FALSE) -> Aldi | E146: =IFERROR(VLOOKUP(A146,'Price Master List'!A:N,6,FALSE),0) -> 0.07 | F146: =IFERROR(VLOOKUP(A146,'Price Master List'!A:N,10),0) -> 0.06 | G146: =IFERROR(VLOOKUP(A146,'Price Master List'!A:N,14,FALSE),0) -> 0.05 | H146: =IF(G146=0,0,G146-B146) -> 0 | I146: 0 | J146: =IF(D146="Sam's Club",H146*I146*12,0) -> 0 | K146: =IF(D146="Costco",H146*I146*12,0) -> 0 | L146: =IF(E146>0,IF(G146>0,IF(G146>E146,(G146-E146)*I146*12,0),0),0) -> 0 | M146: =IF(F146>0,IF(G146>0,IF(G146>F146,(G146-F146)*I146*12,0),0),0) -> 0
J148: =SUM(J3:J146) -> 0 | K148: =SUM(K3:K146) -> 0 | L148: =SUM(L3:L146) -> 0 | M148: =SUM(M3:M146) -> 0

Sheet Decision
A2: Should you buy a Sam's Membership? | E2: =IF(C5>C4,"YES","NO") -> NO
A3: Plus Membership? | E3: =IF((C5*0.02)>55,"YES","NO") -> NO
B4: Price | C4: 45
B5: Savings | C5: ='Item analysis'!L148 -> 0
A7: Should you buy a Costco Membership? | E7: =IF(C10>C9,"YES","NO") -> NO
B9: Price | C9: 60
B10: Savings | C10: ='Item analysis'!M148 -> 0
A12: Should you buy both Memberships? | E12: =IF(C14>0,"YES","NO") -> NO
B14: Savings (net) | C14: ='Item analysis'!J148+'Item analysis'!K148-Decision!C4-Decision!C9 -> -105
